 Dungeon Crawl Stone Soup version 0.30-a0-475-g03497ec522 (webtiles) character file.

Game seed: 5689875676565248103

8289 holysushi the Nimble (level 11, 0/83 HPs)
             Began as a Gnoll Wanderer on Dec 21, 2022.
             Was a Follower of Uskayaw.
             Slain by a skeletal warrior
             ... wielding a +0 war axe
              (20 damage)
             ... on level 10 of the Dungeon.
             The game lasted 00:31:03 (15824 turns).

holysushi the Nimble (Gnoll Wanderer)              Turns: 15824, Time: 00:31:04

Health: 0/83       AC:  9    Str: 10    XL:     11   Next: 28%
Magic:  2/21       EV: 18    Int: 17    God:    Uskayaw [*.....]
Gold:   278        SH:  6    Dex: 20    Spells: 13/24 levels left

rFire   + + .      SeeInvis .    m - +3 rapier (speed)
rCold   + + .      Faith    .    s - +0 buckler
rNeg    + . .      Spirit   .    d - +0 robe
rPois   .          Reflect  .    b - +2 helmet
rElec   .          Harm     .    r - scarf {rC+ rF+}
rCorr   .          Rampage  .    C - +0 pair of gloves
Will    +....                    G - +1 pair of boots of Patience {rC+ rN+}
Stlth   ++++......               (no amulet)
HPRegen 0.33/turn                L - ring "Zait Due" {rF+ Int+5 Dex+3}
MPRegen 0.17/turn                K - +4 ring of slaying

@: very slightly contaminated
A: fangs 1, strong nose, distributed training, hooves 1, strong-willed 1,
MP-powered wands
a: Renounce Religion, Stomp


You were on level 10 of the Dungeon.
You worshipped Uskayaw.
Uskayaw was noncommittal.
You visited 2 branches of the dungeon, and saw 12 of its levels.

You collected 1153 gold pieces.
You spent 859 gold pieces at shops.
You donated 16 gold pieces to Zin.

Inventory:

Hand Weapons
 a - a +2 quarterstaff
 l - a +2 short sword of venom
 m - a +3 rapier of speed (weapon)
Armour
 b - a +2 helmet (worn)
 d - a +0 robe (worn)
 r - a scarf of resistance (worn)
 s - a +0 buckler (worn)
 w - a +2 pair of boots of flying
 C - a +0 pair of gloves (worn)
 G - the +1 pair of boots of Patience (worn) {rC+ rN+}
   (You bought it in a shop on level 5 of the Dungeon)

   rC:        It protects you from cold.
   rN:        It protects you from negative energy.
Jewellery
 c - a ring of wizardry
 i - a ring of see invisible
 v - a ring of protection from cold
 E - a ring of resist corrosion
 K - a +4 ring of slaying (right hand)
 L - the ring "Zait Due" (left hand) {rF+ Int+5 Dex+3}
   (You found it on level 9 of the Dungeon)

   [ring of protection from fire]

   Int:       It affects your intelligence (+5).
   Dex:       It affects your dexterity (+3).
   rF:        It protects you from fire.
 M - a +6 ring of dexterity
Wands
 t - a wand of mindburst (14)
 u - a wand of polymorph (7)
Scrolls
 g - a scroll of vulnerability
 x - a scroll of silence
 y - 2 scrolls of noise
 B - 5 scrolls of identify
 I - a scroll of fog
 N - a scroll of magic mapping
Potions
 e - 3 potions of berserk rage {unknown}
 f - 3 potions of mutation
 h - a potion of cancellation
 j - a potion of magic
 k - 3 potions of degeneration {unknown}
 n - 4 potions of resistance {unknown}
 o - 2 potions of flight {unknown}
 p - 3 potions of brilliance {unknown}
 q - 2 potions of heal wounds {unknown}
 z - 2 potions of lignification {unknown}
 D - 2 potions of haste
 F - a potion of might {unknown}
 H - 3 potions of curing
Miscellaneous
 J - a condenser vane (inert)


   Skills:
 + Level 6.9 Fighting
 + Level 6.3 Short Blades
 + Level 6.3 Long Blades
 + Level 6.3 Axes
 + Level 6.3 Maces & Flails
 + Level 6.3 Polearms
 + Level 7.9 Staves
 + Level 6.3 Ranged Weapons
 + Level 6.3 Throwing
 + Level 6.9 Armour
 + Level 9.2 Dodging
 + Level 6.3 Stealth
 + Level 6.3 Shields
 + Level 6.3 Unarmed Combat
 + Level 7.0 Spellcasting
 + Level 5.7 Conjurations
 + Level 5.3 Hexes
 + Level 5.3 Summonings
 + Level 5.3 Necromancy
 + Level 5.3 Translocations
 + Level 5.3 Transmutations
 + Level 5.3 Fire Magic
 + Level 5.3 Ice Magic
 + Level 5.3 Air Magic
 + Level 5.3 Earth Magic
 + Level 5.3 Poison Magic
 + Level 7.5 Invocations
 + Level 6.3 Evocations


You had 13 spell levels left.
You knew the following spells:

 Your Spells              Type           Power      Damage    Failure   Level
a - Animate Dead          Necr           24%        N/A       17%         4
b - Momentum Strike       Conj/Tloc      48%        3d9       2%          2
c - Blink                 Tloc           48%        N/A       2%          2
d - Stone Arrow           Conj/Erth      48%        3d10      4%          3

Your spell library contained the following spells:

 Spells                   Type           Power      Damage    Failure   Level
 Sandblast                Erth           48%        2d12      1%          1
 Shock                    Conj/Air       96%        1d9       1%          1
 Passwall                 Tmut/Erth      20%        N/A       2%          2
 Call Canine Familiar     Summ           24%        N/A       4%          3
 Lesser Beckoning         Tloc           48%        N/A       4%          3
 Portal Projectile        Hex/Tloc       48%        N/A       4%          3
 Cause Fear               Hex            12%        N/A       17%         4
 Leda's Liquefaction      Hex/Erth       12%        N/A       17%         4
 Freezing Cloud           Conj/Ice/Air   12%        6-21      41%         5
 Borgnjor's Vile Clutch   Necr/Erth      12%        N/A       43%         5
 Yara's Violent Unravell  Hex/Tmut       12%        3d7       43%         5
 Death Channel            Necr           12%        N/A       95%         6
 Simulacrum               Ice/Necr       12%        N/A       95%         6
 Dragon Form              Tmut           12%        N/A       100%        7
 Enfeeble                 Hex            12%        N/A       100%        7
 Dragon's Call            Summ           12%        N/A       100%        9
 Polar Vortex             Ice            12%        N/A       100%        9


Dungeon Overview and Level Annotations

Branches:
Dungeon (11/15) Zot: 26205  Temple (1/1) D:4 Zot: 5667     Orc (0/2) D:10
   Lair: D:8-11

Altars:
Ashenzari
Cheibriados
Dithmenos
Elyvilon
Fedhas
Gozag
Hepliaklqana
Kikubaaqudgha
Makhleb
Nemelex Xobeh
Okawaru
Qazlal
Ru
Sif Muna
Trog
Uskayaw
Vehumet
Wu Jian
Xom
Yredelemnul
Zin
The Shining One

Shops:
D:5 [*:[   D:9 [

Annotations:
D:7 1 runed translucent door, Crazy Yiuf
D:8 exclusion: zombie


Innate Abilities, Weirdness & Mutations

You have very sharp teeth.
Your uncanny sense of smell can sniff out nearby items.
Your experience applies equally to all skills.
You have large cloven feet.
You are strong-willed. (Will+)
You expend magic power (3 MP) to strengthen your wands.


Message History

The skeletal warrior hits you with a +0 war axe!
Casting: Stone Arrow (dangerous; 4% risk of failure)
Confirm with . or Enter, or press ? or * to list all spells.
Aiming: Stone Arrow (dangerous; 4% risk of failure)
Press: ? - help, Shift-Dir - straight line, f/p - skeletal warrior
Aim: a skeletal warrior, wielding a +0 war axe (71% to hit)
You miscast Stone Arrow.
You are very lightly contaminated with residual magic.
Nothing appears to happen.
You block the skeletal warrior's attack.
Casting: Stone Arrow (dangerous; 4% risk of failure)
Confirm with . or Enter, or press ? or * to list all spells.
Aiming: Stone Arrow (dangerous; 4% risk of failure)
Press: ? - help, Shift-Dir - straight line, f/p - skeletal warrior
Aim: a skeletal warrior, wielding a +0 war axe (71% to hit)
The stone arrow misses the skeletal warrior.
You block the skeletal warrior's attack.
Casting: Stone Arrow (dangerous; 4% risk of failure)
Confirm with . or Enter, or press ? or * to list all spells.
Aiming: Stone Arrow (dangerous; 4% risk of failure)
Press: ? - help, Shift-Dir - straight line, f/p - skeletal warrior
Aim: a skeletal warrior, wielding a +0 war axe (71% to hit)
The stone arrow hits the skeletal warrior but does no damage.
You block the skeletal warrior's attack.
Casting: Stone Arrow (dangerous; 4% risk of failure)
Confirm with . or Enter, or press ? or * to list all spells.
Aiming: Stone Arrow (dangerous; 4% risk of failure)
Press: ? - help, Shift-Dir - straight line, f/p - skeletal warrior
Aim: a skeletal warrior, wielding a +0 war axe (71% to hit)
The stone arrow hits the skeletal warrior but does no damage.
The skeletal warrior hits you with a +0 war axe!!
You hit the skeletal warrior but do no damage.
The skeletal warrior hits you with a +0 war axe.
You hit the skeletal warrior but do no damage.
You barely miss the skeletal warrior.
The skeletal warrior hits you with a +0 war axe!!
* * * LOW HITPOINT WARNING * * *
You barely miss the skeletal warrior.
The skeletal warrior hits you with a +0 war axe!!
You die...

#[# ###.#
#..###.##..###..# # #.#
#...###..##..##..###..###
#.#
#.#......##.###..........
#.#
#...###...#.####......###
#.#
##...............###### #
###.# #.####...#.####.# #
#.>.#
#.#####.##.####.########
#.###
#.....z.................
#.#
######.@##.####..####.##
#.# #.###.# #..# #.## #.#
#.# #.####..####.## #.#
#.# #.............. #.#
#.# ######..####.## #.#
#.# #..# #.# #.# #.# #..#
#.## #.# #.# #..# #...
#.# #.########..#######


You could see a skeletal warrior.

Vanquished Creatures
  A two-headed ogre (D:9)
  A gargoyle (D:11)
  2 trolls
  2 shadows (D:11)
  A wraith (D:10)
  4 yaks (D:9)
  2 wyverns
  An acid dragon (D:9)
  A water moccasin (D:6)
  3 orc warriors
  3 ice beasts
  A sky beast (D:7)
  4 black bears
  An ogre (D:6)
  4 centaurs
  A phantom (D:6)
  4 kobold brigands
  2 gnoll sergeants
  A necrophage (D:8)
  3 bullfrogs
  7 scorpions
  6 wights
  20 killer bees
  3 howler monkeys
  A gnoll bouda (D:4)
  4 hounds
  3 orc priests
  4 jellies
  5 iguanas
  4 orc wizards
  27 gnolls
  7 adders
  3 white imps
  An ufetubus (D:6)
  5 worms
  A dart slug (D:2)
  10 orcs
  5 ball pythons
  5 bats
  7 endoplasms
  4 giant cockroaches
  7 goblins
  10 hobgoblins
  4 jackals (D:2)
  4 quokkas
  A frilled lizard (D:1)
  A gnoll zombie (D:8)
  18 kobolds
  9 rats
228 creatures vanquished.

Vanquished Creatures (collateral kills)
  A skeletal warrior (D:11)
  A killer bee (D:6)
  2 orcs
4 creatures vanquished.

Vanquished Creatures (others)
  2 centaur zombies
  2 gnoll zombies (D:8)
  A kobold zombie (D:8)
  2 orc zombies (D:11)
  22 plants
29 creatures vanquished.

Grand Total: 261 creatures vanquished

Notes
Turn   | Place    | Note
-------+----------+-------------------------------------------
     0 | D:1      | holysushi the Gnoll Wanderer began the quest for the Orb.
     0 | D:1      | holysushi set off with the following items: a +2
                  | quarterstaff, a +0 helmet, a potion of haste, a +0 robe;
                  | and the following spell memorised: Shock; and the following
                  | spells available to memorise: Stone Arrow.
     0 | D:1      | Reached XP level 1. HP: 17/17 MP: 4/4
   346 | D:1      | Reached XP level 2. HP: 23/23 MP: 0/5
   758 | D:1      | Learned a level 2 spell: Momentum Strike
   761 | D:1      | Learned a level 2 spell: Blink
  1058 | D:1      | Reached XP level 3. HP: 19/28 MP: 7/7
  1566 | D:2      | Reached skill level 1 in Short Blades
  1566 | D:2      | Reached skill level 1 in Long Blades
  1566 | D:2      | Reached skill level 1 in Axes
  1566 | D:2      | Reached skill level 1 in Maces & Flails
  1566 | D:2      | Reached skill level 1 in Polearms
  1566 | D:2      | Reached skill level 1 in Ranged Weapons
  1566 | D:2      | Reached skill level 1 in Throwing
  1566 | D:2      | Reached skill level 1 in Stealth
  1566 | D:2      | Reached skill level 1 in Shields
  1566 | D:2      | Reached skill level 1 in Unarmed Combat
  1566 | D:2      | Reached skill level 1 in Evocations
  1904 | D:2      | Reached XP level 4. HP: 19/34 MP: 1/8
  1911 | D:2      | HP: 1/34 [gnoll/+0 flail (9)]
  2088 | D:1      | Reached skill level 1 in Hexes
  2088 | D:1      | Reached skill level 1 in Summonings
  2088 | D:1      | Reached skill level 1 in Necromancy
  2088 | D:1      | Reached skill level 1 in Translocations
  2088 | D:1      | Reached skill level 1 in Transmutations
  2088 | D:1      | Reached skill level 1 in Fire Magic
  2088 | D:1      | Reached skill level 1 in Ice Magic
  2088 | D:1      | Reached skill level 1 in Air Magic
  2088 | D:1      | Reached skill level 1 in Earth Magic
  2088 | D:1      | Reached skill level 1 in Poison Magic
  2586 | D:2      | Found a faded altar of an unknown god.
  2744 | D:2      | Reached XP level 5. HP: 38/40 MP: 7/9
  2795 | D:2      | Learned a level 3 spell: Stone Arrow
  2850 | D:2      | Gained mutation: You have large cloven feet. [potion of
                  | mutation]
  2850 | D:2      | Gained mutation: You are strong-willed. (Will+) [potion of
                  | mutation]
  2850 | D:2      | Gained mutation: You expend magic power (3 MP) to
                  | strengthen your wands. [potion of mutation]
  3924 | D:3      | Found a bloodstained altar of Trog.
  3924 | D:3      | Found a sparkling altar of Nemelex Xobeh.
  4263 | D:4      | Reached XP level 6. HP: 47/47 MP: 7/11
  4280 | D:4      | Reached skill level 5 in Staves
  4575 | D:4      | Found a staircase to the Ecumenical Temple.
  5024 | D:5      | Entered Level 5 of the Dungeon
  5024 | D:5      | Found Laerghoh's Antique Armour Boutique.
  5027 | D:5      | Bought a pair of glowing boots for 150 gold pieces
  5218 | D:5      | Noticed a black bear
  5233 | D:5      | Killed a black bear
  5242 | D:5      | Reached skill level 7 in Dodging
  5242 | D:5      | Reached XP level 7. HP: 47/52 MP: 12/12
  5259 | D:5      | Found Ucetauq's General Store.
  5361 | D:5      | Found Kidy's Book Emporium.
  5917 | D:5      | Found Pell's Antique Armour Shoppe.
  6078 | Temple   | Entered the Ecumenical Temple
  6292 | Temple   | Became a worshipper of Zin the Law-Giver
  6292 | Temple   | Reached * piety under Zin
  6317 | Temple   | Fell from the grace of Zin
  6317 | Temple   | Became a worshipper of Ru the Awakened
  6785 | D:6      | Reached XP level 8. HP: 22/60 MP: 0/14
  7236 | D:6      | Found a basalt altar of Yredelemnul.
  7869 | D:6      | Reached skill level 5 in Invocations
  7986 | D:6      | Reached XP level 9. HP: 42/66 MP: 5/16
  8094 | D:6      | Reached skill level 5 in Spellcasting
  8183 | D:6      | Reached skill level 5 in Fighting
  8183 | D:6      | Reached skill level 5 in Armour
  8870 | Temple   | Fell from the grace of Ru
  8870 | Temple   | Became a worshipper of Uskayaw the Reveller
  9230 | D:6      | Found a basalt altar of Yredelemnul.
  9479 | D:6      | Reached * piety under Uskayaw
  9634 | D:6      | Reached ** piety under Uskayaw
  9636 | D:6      | Reached skill level 8 in Dodging
 10290 | D:7      | Reached *** piety under Uskayaw
 10296 | D:7      | Reached **** piety under Uskayaw
 10308 | D:7      | Reached ***** piety under Uskayaw
 10677 | D:7      | Found a runed translucent door.
 10678 | D:7      | Noticed Crazy Yiuf
 11318 | D:5      | Bought a pair of slimy boots for 313 gold pieces
 11318 | D:5      | Identified the +1 pair of boots of Patience {rC+ rN+} (You
                  | bought it in a shop on level 5 of the Dungeon)
 11505 | D:5      | Bought a book of Unlife for 396 gold pieces
 11510 | D:5      | Learned a level 4 spell: Animate Dead
 11624 | D:7      | Reached skill level 5 in Short Blades
 11624 | D:7      | Reached skill level 5 in Long Blades
 11624 | D:7      | Reached skill level 5 in Axes
 11624 | D:7      | Reached skill level 5 in Maces & Flails
 11624 | D:7      | Reached skill level 5 in Polearms
 11624 | D:7      | Reached skill level 5 in Ranged Weapons
 11624 | D:7      | Reached skill level 5 in Throwing
 11624 | D:7      | Reached skill level 5 in Stealth
 11624 | D:7      | Reached skill level 5 in Shields
 11624 | D:7      | Reached skill level 5 in Unarmed Combat
 11624 | D:7      | Reached skill level 5 in Evocations
 11624 | D:7      | Reached XP level 10. HP: 28/76 MP: 2/18
 12151 | D:8      | Identified the +8 dagger of Havoc {freeze, Str+4}
 12807 | D:9      | Noticed a two-headed ogre
 12816 | D:8      | Reached skill level 5 in Conjurations
 13393 | D:9      | Identified the ring "Zait Due" {rF+ Int+5 Dex+3}
 13433 | D:9      | Killed a two-headed ogre
 13680 | D:9      | Found an opulent altar of Gozag.
 13737 | D:9      | Found Hadad's Dragon-Slaying Spoils.
 14122 | D:10     | Entered Level 10 of the Dungeon
 14137 | D:10     | Reached skill level 9 in Dodging
 14149 | D:10     | Reached skill level 5 in Hexes
 14149 | D:10     | Reached skill level 5 in Summonings
 14149 | D:10     | Reached skill level 5 in Necromancy
 14149 | D:10     | Reached skill level 5 in Translocations
 14149 | D:10     | Reached skill level 5 in Transmutations
 14149 | D:10     | Reached skill level 5 in Fire Magic
 14149 | D:10     | Reached skill level 5 in Ice Magic
 14149 | D:10     | Reached skill level 5 in Air Magic
 14149 | D:10     | Reached skill level 5 in Earth Magic
 14149 | D:10     | Reached skill level 5 in Poison Magic
 14163 | D:10     | Reached XP level 11. HP: 64/83 MP: 21/21
 14575 | D:10     | Found a staircase to the Orcish Mines.
 15657 | D:11     | Noticed a skeletal warrior
 15658 | D:11     | Noticed a skeletal warrior
 15658 | D:11     | Noticed a skeletal warrior
 15658 | D:11     | Noticed a skeletal warrior
 15699 | D:11     | Killed a skeletal warrior
 15824 | D:10     | Slain by a skeletal warrior

Illustrated notes

Levels and vault maps discovered:
D:1:      evilmike_arrival_home_sweet_home, layout_rooms, serial_forest,
          infiniplex_forest_end_1, infiniplex_forest_end_double,
          infiniplex_forest_fountain, infiniplex_forest_end_3,
          infiniplex_forest_straight_1, infiniplex_forest_zigzag_2,
          infiniplex_forest_straight_2, infiniplex_forest_clump_medium,
          infiniplex_forest_lined_corner, infiniplex_forest_clump_double,
          chequers_decorated_corner, kennysheep_nondescript
D:2:      layout_loops_corners, basic_ecumenical_altar, nrook_mini_backslash,
          chequers_jeans, nicolae_grassy_gnolls
D:3:      layout_basic, jmf_multi_god_temple, grunt_ministairs_1
D:4:      layout_loops_cross, minmay_temple_entry_from_below_a
D:5:      layout_loops_cross, serial_shops, kennysheep_mini_moat,
          nicolae_stop_n_shop_1, shop, kennysheep_mini, nrook_loot_triangle,
          nrook_mini_vaults
D:6:      minmay_polygon_palace, layout_gridville, lemuel_crystal_altar
D:7:      layout_loops_ring, uniq_crazy_yiuf_cottage
D:8:      layout_rooms
D:9:      layout_cave_pods, general_overflow_altar,
          amcnicky_mini_corridor_feature, nicolae_shop_dragon_depot
D:10:     layout_loops_ring, orc_0_dummy
D:11:     layout_loops_corners, lair_entry_dummy, kennysheep_generic_room_14
Temple:   mainiacjoe_temple_bowtie_tessellation

Skill      XL: |  1  2  3  4  5  6  7  8  9 10 11 |
---------------+----------------------------------+-----
Conjurations   | 2 3 4 5 |  5.7
Short Blades   | 1 2 3 5 6 |  6.3
Long Blades    | 1 2 3 5 6 |  6.3
Axes           | 1 2 3 5 6 |  6.3
Maces & Flails | 1 2 3 5 6 |  6.3
Polearms       | 1 2 3 5 6 |  6.3
Ranged Weapons | 1 2 3 5 6 |  6.3
Throwing       | 1 2 3 5 6 |  6.3
Stealth        | 1 2 3 5 6 |  6.3
Shields        | 1 2 3 5 6 |  6.3
Unarmed Combat | 1 2 3 5 6 |  6.3
Evocations     | 1 2 3 5 6 |  6.3
Spellcasting   | 3 4 5 6 7 |  7.0
Hexes          | 1 2 3 4 5 |  5.3
Summonings     | 1 2 3 4 5 |  5.3
Necromancy     | 1 2 3 4 5 |  5.3
Translocations | 1 2 3 4 5 |  5.3
Transmutations | 1 2 3 4 5 |  5.3
Fire Magic     | 1 2 3 4 5 |  5.3
Ice Magic      | 1 2 3 4 5 |  5.3
Air Magic      | 1 2 3 4 5 |  5.3
Earth Magic    | 1 2 3 4 5 |  5.3
Poison Magic   | 1 2 3 4 5 |  5.3
Invocations    | 3 4 5 6 7 |  7.5
Fighting       | 3 4 5 6 |  6.9
Armour         | 3 4 5 6 |  6.9
Staves         | 5 6 7 |  7.9
Dodging        | 7 8 9 |  9.2

Action                   |  1- 3 |  4- 6 |  7- 9 | 10-12 || total
-------------------------+-------+-------+-------+-------++-------
Melee: Quarterstaff      |    49 |    37 |       |       ||    86
       Bite              |     2 |    13 |    26 |    26 ||    67
       Rapier            |       |    96 |   281 |   246 ||   623
       Kick              |       |    17 |       |       ||    17
       Punch             |       |     1 |       |       ||     1
 Cast: Shock             |    53 |    40 |    25 |       ||   118
       Momentum Strike   |     1 |     6 |    17 |     4 ||    28
       Stone Arrow       |       |     7 |    40 |    23 ||    70
       Blink             |       |     1 |       |       ||     1
       Animate Dead      |       |       |     2 |    10 ||    12
Evoke: Wand              |       |       |     4 |    10 ||    14
       Condenser vane    |       |       |       |     1 ||     1
  Use: Potion            |       |     2 |     2 |       ||     4
       Scroll            |       |    10 |     5 |     5 ||    20
 Stab: Sleeping          |       |     1 |     8 |     2 ||    11
       Distracted        |       |       |     2 |     1 ||     3
       Paralysed         |       |       |     1 |    13 ||    14
Armor: Robe              |    12 |    35 |    79 |    47 ||   173
Dodge: Dodged            |    65 |   144 |   222 |   171 ||   602
Block: Buckler           |       |     5 |    79 |    78 ||   162

Table legend: (Time is in decaauts)
 A = Elapsed time spent in this place.
 B = Non-inter-level travel time spent in this place.
 C = Inter-level travel time spent in this place.
 D = Time resting spent in this place.
 E = Time spent auto-exploring this place.
 F = Levels seen in this place.
 G = Mean time per level.
                   A        B        C        D        E       F      G
               +--------+--------+--------+--------+--------+-----+--------+
         Total |  15637 |  14615 |   1022 |   4784 |   6937 |  12 | 1303.1 |
       Dungeon |  15304 |  14381 |    923 |   4784 |   6746 |  11 | 1391.3 |
        Temple |    332 |    233 |     99 |      0 |    191 |   1 |  332.0 |
               +--------+--------+--------+--------+--------+-----+--------+

Top non-repeatable levels by time:
     D:6: 3323 daAuts
     D:2: 1700 daAuts
     D:7: 1598 daAuts
     D:5: 1545 daAuts
     D:1: 1465 daAuts
     D:8: 1153 daAuts
     D:3: 1012 daAuts
     D:9: 992 daAuts
    D:10: 963 daAuts
     D:4: 842 daAuts
    D:11: 707 daAuts
  Temple: 332 daAuts
